 Dungeon Crawl Stone Soup version 0.26-a0-490-gf8362a0c98 (webtiles) character file.

Game seed: 14692242621383007200

50 Devinter the Poker (level 3, -2/31 HPs)
             Began as a Demigod Wanderer on Aug 4, 2020.
             Killed from afar by a white imp (3 damage)
             ... with a puff of frost
             ... summoned by Natasha
             ... on level 2 of the Dungeon.
             The game lasted 00:08:07 (1603 turns).

Devinter the Poker (Demigod Wanderer)               Turns: 1603, Time: 00:08:07

Health: -2/31      AC:  8    Str: 14    XL:     3   Next: 35%
Magic:  5/5        EV:  5    Int: 14    God:
Gold:   119        SH:  0    Dex: 20    Spells: 2/2 levels left

rFire    . . .     SeeInvis .   a - +2 spear
rCold    . . .     Faith    .   (no shield)
rNeg     . . .     Spirit   .   e - +0 chain mail
rPois    .         Reflect  .   (no helmet)
rElec    .         Harm     .   (no cloak)
rCorr    .                      (no gloves)
MR       .....                  (no boots)
Stlth    ..........             (no amulet)
HPRegen  0.10/turn              (no ring)
MPRegen  0.09/turn              (no ring)

@: slowed, very slow
A: high mp 1
a: no special abilities


You were on level 2 of the Dungeon.
You visited 1 branch of the dungeon, and saw 2 of its levels.

You collected 119 gold pieces.

Inventory:

Hand Weapons
 a - a +2 spear (weapon)
 b - a +0 quarterstaff
 j - a +1 dagger of electrocution
 o - a +1 whip of venom
Missiles
 i - 21 bolts
Armour
 d - a +0 robe
 e - a +0 chain mail (worn)
Scrolls
 c - a scroll of teleportation
 m - a scroll of random uselessness {unknown}
 p - a scroll of enchant armour {unknown}
Potions
 f - a potion of heal wounds {unknown}
 g - a potion of haste {unknown}
 h - a potion of curing
 k - a potion of stabbing {unknown}
 l - 2 potions of mutation {unknown}
 n - 2 potions of invisibility {unknown}


   Skills:
 - Level 3.0 Fighting
   Level 1.7(3.1) Axes
 + Level 3.9(4.1) Polearms
 - Level 2.0 Throwing


You had 2 spell levels left.
You didn't know any spells.
Your spell library was empty.

Dungeon Overview and Level Annotations

Branches:
Dungeon (2/15)

Annotations:
D:2 Natasha, Sigmund


Innate Abilities, Weirdness & Mutations

You have an increased reservoir of magic. (+10% MP)


Message History

Natasha claws you but does no damage.
Your chain mail prevents you from hitting Natasha.
Natasha is heavily wounded.
The white imp hits you but does no damage.
Natasha claws you.
* * * LOW HITPOINT WARNING * * *
The white imp hits you but does no damage.
Natasha zaps a wand.
The puff of flame hits you.
* * * LOW HITPOINT WARNING * * *
You hit Natasha.
Natasha is severely wounded.
The white imp hits you but does no damage.
Natasha claws you.
* * * LOW HITPOINT WARNING * * *
You hit Natasha.
Natasha is severely wounded.
The white imp gestures at you. The puff of frost hits you.
You die...

# # #. #######.#
##.##.######.......#
........h...........
#......#@5....#.##
#.##.#.####.#......
# #.# #.# ....#
...............
..............#
.h..###.......#
.#..# #..##.#..
#.#..# #..# ...#
#..# #.#


You could see Natasha and a white imp (summoned).

Vanquished Creatures
  2 adders
  An ooze (D:1)
  A worm (D:1)
  A dart slug (D:2)
  2 leopard geckos
  3 ball pythons
  2 giant cockroaches
  2 hobgoblins
  4 kobolds
  2 bats
  2 rats
22 creatures vanquished.

Vanquished Creatures (others)
  A kobold (D:2)
  2 rats (D:2)
3 creatures vanquished.

Grand Total: 25 creatures vanquished

Notes
Turn   | Place    | Note
-------+----------+-------------------------------------------
     0 | D:1      | Devinter the Demigod Wanderer began the quest for the Orb.
     0 | D:1      | Devinter set off with the following items: a +2 spear, a +0
                  | quarterstaff, a scroll of teleportation, a +0 robe
     0 | D:1      | Reached XP level 1. HP: 18/18 MP: 3/3
   400 | D:1      | Reached skill level 2 in Throwing
   503 | D:1      | Reached skill level 3 in Fighting
   503 | D:1      | Reached skill level 3 in Polearms
   503 | D:1      | Reached XP level 2. HP: 20/26 MP: 4/4
   797 | D:2      | Noticed Sigmund
  1240 | D:2      | Reached XP level 3. HP: 18/31 MP: 5/5
  1590 | D:2      | Noticed Natasha
  1601 | D:2      | HP: 3/31 [Natasha/puff of flame (6)]
  1602 | D:2      | HP: 1/31 [Natasha (2)]
  1603 | D:2      | Killed from afar by a white imp

Illustrated notes

Levels and vault maps discovered:
D:1:      lemuel_arrival_broad_hall, layout_basic
D:2:      layout_basic, doesnt_xom_only_xom, elyvilon_altar_4, uniq_terence,
          uniq_natasha, uniq_sigmund

Skill      XL: |  1 |
---------------+----+-----
Throwing       | 2 |  2.0
Fighting       | 3 |  3.0
Polearms       | 3 |  3.9
Axes           | |  1.7

Action                   || total
-------------------------++-------
Melee: Spear             ||    86
  Use: Potion            ||     1
Armor: Chain mail        ||    33
Dodge: Dodged            ||    17

Table legend: (Time is in decaauts)
 A = Elapsed time spent in this place.
 B = Non-inter-level travel time spent in this place.
 C = Inter-level travel time spent in this place.
 D = Time resting spent in this place.
 E = Time spent auto-exploring this place.
 F = Levels seen in this place.
 G = Mean time per level.
                   A        B        C        D        E       F      G
               +--------+--------+--------+--------+--------+-----+--------+
         Total |   1604 |   1519 |     85 |    612 |    449 |   2 |  802.0 |
       Dungeon |   1604 |   1519 |     85 |    612 |    449 |   2 |  802.0 |
               +--------+--------+--------+--------+--------+-----+--------+

Top non-repeatable levels by time:
     D:1: 1200 daAuts
     D:2: 403 daAuts
